 Dungeon Crawl Stone Soup version 0.22-a0-458-gb446440 (webtiles) character file.

65 Galder the Magician (level 4, -4/24 HPs)
             Began as a Tengu Wizard on June 8, 2018.
             Slain by a worm (11 damage)
             ... on level 2 of the Dungeon.
             The game lasted 00:15:14 (2568 turns).

Galder the Magician (Tengu Wizard)                  Turns: 2568, Time: 00:15:16

Health: -4/24      AC:  3    Str:  9    XL:     4   Next: 13%
Magic:  3/10       EV: 12    Int: 18    God:
Gold:   121        SH:  0    Dex: 12    Spells: 7/10 levels left

rFire    . . .     SeeInvis .   j - +0 short sword
rCold    + . .     Gourm    .   (no shield)
rNeg     . . .     Faith    .   h - +0 leather armour {rC+}
rPois    .         Spirit   .   b - +0 hat
rElec    .         Reflect  .   (no cloak)
rCorr    .         Harm     .   (no gloves)
MR       .....                  (boots unavailable)
Stlth    ++........             (no amulet)
HPRegen  0.08/turn              (no ring)
MPRegen  0.12/turn              (no ring)

@: very slightly contaminated
A: beak, talons 3
a: no special abilities


You were on level 2 of the Dungeon.
You were not hungry.

You visited 1 branch of the dungeon, and saw 3 of its levels.

You collected 121 gold pieces.

Inventory:

Hand Weapons
 e - a +0 club
 j - a +0 short sword (weapon)
 t - a +0 rapier
Missiles
 g - 85 stones (quivered)
Armour
 a - a +0 robe
 b - a +0 hat (worn)
 h - a +0 leather armour of cold resistance (worn)
 w - a +0 helmet
Scrolls
 c - a scroll of amnesia {unknown}
 k - a scroll of fear {unknown}
 l - a scroll of teleportation {unknown}
 m - a scroll of enchant weapon {unknown}
 n - a scroll of random uselessness {unknown}
 p - 4 scrolls of identify {unknown}
 q - a scroll of noise {unknown}
 r - 2 scrolls of fog {unknown}
 s - a scroll of enchant armour {unknown}
 x - a scroll of remove curse {unknown}
Potions
 f - a potion of curing {unknown}
 i - a potion of degeneration {unknown}
 o - a potion of invisibility {unknown}
 u - a potion of agility {unknown}
Comestibles
 d - 4 rations
 v - a chunk of flesh


   Skills:
 * Level 1.9 Armour
 + Level 2.7 Dodging
 + Level 2.4 Stealth
 + Level 3.5 Spellcasting
 + Level 2.2 Conjurations
   Level 1.2 Summonings
 - Level 0.7 Translocations


You had 7 spell levels left.
You knew the following spells:

 Your Spells              Type           Power        Failure   Level  Hunger
a - Magic Dart            Conj           ##..         9%          1    None
b - Blink                 Tloc           N/A          24%         2    ##.....

Your spell library contained the following spells:

 Spells                   Type           Power        Failure   Level  Hunger
 Conjure Flame            Conj/Fire      #.......     38%         3    ###....
 Slow                     Hex            #.......     32%         2    ##.....
 Mephitic Cloud           Conj/Pois/Air  #.......     43%         3    ###....
 Call Imp                 Summ           #.......     19%         2    ##.....


Dungeon Overview and Level Annotations

Branches:
Dungeon (3/15)

Altars:
Okawaru


Innate Abilities, Weirdness & Mutations

You have a beak for a mouth.
You have claws for feet.


Message History

The magic dart hits the worm.
The worm is heavily wounded.
Casting: Magic Dart (safe; 9% risk of failure)
Confirm with . or Enter, or press ? or * to list all spells.
Aiming: Magic Dart (safe; 9% risk of failure)
Press: ? - help, Shift-Dir - straight line, f/p - worm
Aim: a worm (heavily wounded)
The magic dart hits the worm.
The worm is severely wounded.
The worm bites you!
* * * LOW HITPOINT WARNING * * *
Casting: Magic Dart (safe; 9% risk of failure)
Confirm with . or Enter, or press ? or * to list all spells.
Aiming: Magic Dart (safe; 9% risk of failure)
Press: ? - help, Shift-Dir - straight line, f/p - worm
Aim: a worm (heavily wounded)
The magic dart hits the worm.
The worm is severely wounded.
The worm bites you!
You die...

#.'..#.#.#.#.#.#.#.#.♣
#.'...#.#.#.#.#.#.#..♣
#.'..#.#.#.#.#.#.#.#.♣
#.#♣#...#...#...#...#♣
#.# ♣#.#.#.#.#.#.#.#♣
#...# # #.#
♣#...#.#.#...#♣
##....###. #.#
♣#.#.#.#.#.#♣
......#.# #.#
♣#...#w..#♣ .......
#.# ♣#.#.#@#♣ . #.S..#
#w# ♣#...#♣ #. #....#
#.# ♣♣♣♣♣ #.###....##
#.# #..........
#.############
#.#.#..####
#.............
#...####
##.##.########
##...... #.##.## #
#...####
#.#...########
.#.##.####


You could see a worm.

Vanquished Creatures
  2 adders (D:2)
  An ooze (D:2)
  2 worms (D:2)
  2 leopard geckos
  A ball python (D:1)
  7 bats (D:1)
  A giant cockroach (D:2)
  2 goblins (D:2)
  4 hobgoblins
  3 jackals (D:2)
  4 frilled lizards
  5 kobolds
  A rat (D:2)
35 creatures vanquished.

Notes
Turn   | Place    | Note
-------+----------+-------------------------------------------
     0 | D:1      | Galder the Tengu Wizard began the quest for the Orb.
     0 | D:1      | Reached XP level 1. HP: 10/10 MP: 5/5
   530 | D:1      | Reached XP level 2. HP: 11/15 MP: 1/7
   858 | D:1      | Learned a level 2 spell: Blink
   920 | D:1      | Reached skill level 1 in Armour
  1412 | D:2      | Reached XP level 3. HP: 7/19 MP: 0/8
  1498 | D:2      | Found an iron altar of Okawaru.
  2299 | D:2      | Reached XP level 4. HP: 24/24 MP: 2/10
  2568 | D:2      | Slain by a worm

Vault maps used:
D:1:      nagdon_arrival_zigzag_paths
D:2:      lemuel_doored_altar, kennysheep_cluttered_room, minivault_27
D:3:      nicolae_overflow_hidden_temple, serial_aquarium,
          aquarium_bridge_square, aquarium_window_2, aquarium_window_fake,
          aquarium_window_fake, aquarium_view_2g, aquarium_pool_five,
          grunt_qazlal_clouds, uniq_sigmund

Skill      XL: |  1  2  3 |
---------------+----------+-----
Armour         | 1 |  1.9
Conjurations   | 2 |  2.2
Dodging        | |  2.7
Stealth        | |  2.4
Spellcasting   | |  3.5
Summonings     | |  1.2
Translocations | |  0.7

Action                   |  1- 3 |  4- 6 || total
-------------------------+-------+-------++-------
Melee: Unarmed           |     6 |       ||     6
       Club              |     8 |       ||     8
       Peck              |     3 |       ||     3
       Short sword       |    26 |     2 ||    28
       Kick              |     6 |     1 ||     7
 Cast: Magic Dart        |   100 |    24 ||   124
  Eat: Chunk             |     4 |     1 ||     5
Armor: Leather armour    |    20 |     1 ||    21
       Robe              |     6 |       ||     6
Dodge: Dodged            |    58 |     2 ||    60

Table legend:
 A = Spawn XP
 B = Non-spawn XP
 C = Spawn XP percentage of total XP
 D = Spawn monster count
 E = Non-spawn monster count
 F = Spawn count percentage of total count
 G = Total turns spent on level
                    A         B        C        D         E        F      G
               +---------+---------+-------+---------+---------+-------+---------
         Total |       0 |      93 |   0.0 |       0 |      35 |   0.0 |  2568
               +---------+---------+-------+---------+---------+-------+---------
           D:1 |       0 |      29 |   0.0 |       0 |      18 |   0.0 |  1625
           D:2 |       0 |      64 |   0.0 |       0 |      17 |   0.0 |   923
               +---------+---------+-------+---------+---------+-------+---------
